 Dungeon Crawl Stone Soup version 0.26.1-11-gd32895ea62 (webtiles) character file.

Game seed: 4916358613389185548

86 Zeld the Changer (level 4, -1/29 HPs)
             Began as an Octopode Transmuter on May 27, 2021.
             Shot with an arrow by a centaur (11 damage)
             ... on level 5 of the Dungeon.
             The game lasted 00:02:24 (2284 turns).

Zeld the Changer (Octopode Transmuter)              Turns: 2284, Time: 00:02:25

Health: -1/29      AC:  1    Str: 10    XL:     4   Next: 49%
Magic:  8/8        EV: 13    Int: 15    God:
Gold:   99         SH:  5    Dex: 12    Spells: 2/8 levels left

rFire    . . .     SeeInvis .     - Unarmed
rCold    . . .     Faith    .   (no shield)
rNeg     . . .     Spirit   .   (helmet restricted)
rPois    .         Reflect  +   a - amulet of reflection
rElec    .         Harm     .   (no ring)
rCorr    .         Rampage  .   (no ring)
Will     .....                  (no ring)
Stlth    ++........             (no ring)
HPRegen  0.09/turn              (no ring)
MPRegen  0.11/turn              (no ring)
                                (no ring)
                                (no ring)

@: no status effects
A: almost no armour, stealthy swim, amphibious, 8 rings, constrict 8, camouflage
1, gelatinous body 1
a: no special abilities


You were on level 5 of the Dungeon.
You visited 1 branch of the dungeon, and saw 5 of its levels.

You collected 99 gold pieces.

Inventory:

Jewellery
 a - an amulet of reflection (around mantle)
Scrolls
 c - 3 scrolls of identify {unknown}
 d - a scroll of immolation {unknown}
Potions
 b - 2 potions of heal wounds {unknown}


   Skills:
 + Level 1.7 Fighting
 + Level 2.5 Dodging
 - Level 3.0 Unarmed Combat
 * Level 2.9 Spellcasting
 * Level 3.1 Transmutations


You had 2 spell levels left.
You knew the following spells:

 Your Spells              Type           Power        Failure   Level
a - Beastly Appendage     Tmut           22%          5%          1
b - Wereblood             Tmut           11%          9%          2
c - Spider Form           Tmut/Pois      3%           32%         3

Your spell library contained the following spells:

 Spells                   Type           Power        Failure   Level
 Ice Form                 Ice/Tmut       6%           71%         4
 Blade Hands              Tmut           5%           83%         5


Dungeon Overview and Level Annotations

Branches:
Dungeon (6/15)
 Temple: D:4-7

Altars:
Nemelex Xobeh
Xom
Zin


Innate Abilities, Weirdness & Mutations

You cannot wear most types of armour.
You are very stealthy in the water. (Stealth+)
You are amphibious.
You can wear up to eight rings at the same time.
You can use your tentacles to constrict eight enemies at once.
Your skin changes colour to match your surroundings (Stealth+).
Your rubbery body absorbs attacks. (AC +1, EV +1)


Message History

No target in view!
No target in view!
Magic restored.
A centaur comes into view.
A centaur is nearby!
Your transformation is almost over.
You open the door.
There is an open door here.
A centaur comes into view.
The centaur wields a +0 shortbow.
The centaur shoots an arrow.
The arrow closely misses you.
You see here an arrow.
Your tentacle spike disappears.
The centaur shoots an arrow.
The arrow hits you!!
Ouch! That really hurt!
You see here an arrow.
The centaur shoots an arrow.
The arrow barely misses you.
The centaur shoots an arrow.
The arrow closely misses you.
The centaur shoots an arrow.
The arrow hits you!
You die...

#...?......... .....#
+............. .....#
#...........####....#
#.........^.#..+...c#
#...........#..#....#
#...........#..#....#
#...........+..#(...#
######......#..#....#
#......#..#@...#
#......#..'....#
#........(#....#
####.........#....#
#......############
#...>..# #......#
#......# #......#


You could see a centaur.

Vanquished Creatures
  3 adders (D:3)
  An ooze (D:3)
  A dart slug (D:3)
  A leopard gecko (D:3)
  8 orcs (D:3)
  4 goblins (D:3)
  3 hobgoblins
  6 jackals (D:3)
  A quokka (D:3)
  3 bats
  4 frilled lizards (D:3)
  3 kobolds (D:3)
  A quokka zombie (D:5)
  4 rats
43 creatures vanquished.

Notes
Turn   | Place    | Note
-------+----------+-------------------------------------------
     0 | D:1      | Zeld the Octopode Transmuter began the quest for the Orb.
     0 | D:1      | Reached XP level 1. HP: 13/13 MP: 3/3
   168 | D:3      | Reached XP level 2. HP: 9/18 MP: 5/5
   527 | D:3      | Learned a level 2 spell: Wereblood
   653 | D:3      | Reached XP level 3. HP: 11/23 MP: 4/6
   657 | D:3      | Learned a level 3 spell: Spider Form
  1450 | D:3      | Reached XP level 4. HP: 21/28 MP: 6/8
  1700 | D:3      | Found a sparkling altar of Nemelex Xobeh.
  2232 | D:3      | Found a glowing silver altar of Zin.
  2235 | D:3      | Found a shimmering altar of Xom.
  2235 | D:3      | You fall into a shaft and drop 3 floors!
  2249 | D:5      | Entered Level 5 of the Dungeon
  2264 | D:5      | Noticed a centaur
  2280 | D:5      | Noticed a centaur
  2284 | D:5      | Shot with an arrow by a centaur

Illustrated notes

Levels and vault maps discovered:
D:1:      minmay_arrival_stone_box, layout_loops_ring
D:2:      layout_basic
D:3:      minmay_thinvault, layout_basic, old_standard_altar,
          grunt_temple_overflow_diamond
D:5:      layout_gridville, fedhas_altar_1, minmay_fire_ice_demons
D:6:      kb_forest_paths, layout_loops_cross, minmay_temple_entry_trees,
          minmay_misc_feat_rows, corexii_shack

Skill      XL: |  1  2  3  4 |
---------------+-------------+-----
Transmutations | 3 |  3.1
Fighting       | |  1.7
Dodging        | |  2.5
Unarmed Combat | |  3.0
Spellcasting   | |  2.9

Action                   |  1- 3 |  4- 6 || total
-------------------------+-------+-------++-------
Melee: Unarmed           |    68 |    33 ||   101
       Constrict         |    19 |     9 ||    28
       Tentacles         |    11 |     7 ||    18
       Kick              |    10 |     6 ||    16
 Cast: Beastly Appendage |    11 |     5 ||    16
       Wereblood         |       |     1 ||     1
 Stab: Sleeping          |     6 |       ||     6
Armor: Skin              |     2 |       ||     2
Dodge: Dodged            |    29 |    27 ||    56
Block: Other             |    14 |     7 ||    21
       Reflection        |     1 |     2 ||     3
